 Dungeon Crawl Stone Soup version 0.30-a0-34-gbe8da3892a (webtiles) character file.

Game seed: 13506160518122167597

6579 timneilson the Blocker (level 11, 0/99 HPs)
             Began as a Gargoyle Fighter on Aug 27, 2022.
             Was a Priest of Okawaru.
             Slain by a boulder beetle (14 damage)
             ... on level 9 of the Dungeon.
             The game lasted 00:20:55 (13510 turns).

timneilson the Blocker (Gargoyle Fighter)          Turns: 13510, Time: 00:20:55

Health: 0/99       AC: 22    Str: 24    XL:     11   Next: 1%
Magic:  13/13      EV:  9    Int:  9    God:    Okawaru [***...]
Gold:   670        SH:  7    Dex:  9    Spells: 10/10 levels left

rFire   . . .      SeeInvis .    a - +0 long sword (flame)
rCold   . . .      Faith    .    c - +1 buckler
rNeg    + . .      Spirit   .    h - +0 chain mail
rPois   ∞          Reflect  .    (no helmet)
rElec   +          Harm     .    (no cloak)
rCorr   +          Rampage  .    k - +0 pair of gloves
Will    .....                    v - +0 pair of boots
Stlth   ..........               (no amulet)
HPRegen 0.26/turn                m - ring of resist corrosion
MPRegen 0.13/turn                e - ring of flight

@: mighty, berserking, flying, very quick
A: sickness immunity, AC +8, negative energy resistance 1, electricity
resistance, torment resistance 1, petrification resistance
a: Renounce Religion, Heroism


You were on level 9 of the Dungeon.
You worshipped Okawaru.
Okawaru was most pleased with you.
You visited 2 branches of the dungeon, and saw 10 of its levels.

You collected 670 gold pieces.

Inventory:

Hand Weapons
 a - a +0 long sword of flaming (weapon)
 u - a +3 long sword
Armour
 c - a +1 buckler (worn)
 h - a +0 chain mail (worn)
 k - a +0 pair of gloves (worn)
 q - a +0 plate armour
 v - a +0 pair of boots (worn)
Jewellery
 e - a ring of flight (right hand)
 j - a ring of fire
 m - a ring of resist corrosion (left hand)
Wands
 t - a wand of roots (5)
 y - a wand of flame (12)
Scrolls
 b - a scroll of enchant armour
 g - 3 scrolls of amnesia
 p - a scroll of teleportation
 z - a scroll of silence {unknown}
Potions
 l - a potion of cancellation {unknown}
 n - 4 potions of magic
 o - a potion of brilliance {unknown}
 r - 3 potions of lignification
 w - a potion of attraction {unknown}
 x - a potion of ambrosia {unknown}


   Skills:
 + Level 6.8 Fighting
 * Level 7.4 Long Blades
 * Level 9.2 Armour
 + Level 4.4 Dodging
 * Level 9.3 Shields
 + Level 3.1 Invocations
 + Level 3.2 Evocations


You had 10 spell levels left.
You didn't know any spells.
Your spell library contained the following spells:

 Spells                   Type           Power      Damage    Failure   Level
 Apportation              Tloc           0%         N/A       95%         1
 Sandblast                Erth           0%         2d4       95%         1
 Shock                    Conj/Air       0%         1d3       95%         1
 Slow                     Hex            0%         N/A       95%         1
 Ensorcelled Hibernation  Hex/Ice        0%         N/A       99%         2
 Passwall                 Tmut/Erth      0%         N/A       99%         2
 Confusing Touch          Hex            0%         N/A       100%        3
 Portal Projectile        Hex/Tloc       0%         N/A       100%        3
 Stone Arrow              Conj/Erth      0%         3d7       100%        3
 Swiftness                Air            0%         N/A       100%        3
 Vampiric Draining        Necr           0%         2d6       100%        3
 Airstrike                Air            0%         2d(0-16)  100%        4
 Leda's Liquefaction      Hex/Erth       0%         N/A       100%        4
 Alistair's Intoxication  Tmut/Pois      0%         N/A       100%        5
 Call Canine Familiar     Summ           Unusable   N/A       N/A         3

Dungeon Overview and Level Annotations

Branches:
Dungeon (9/15)             Temple (1/1) D:7
   Lair: D:8-11         Orc: D:9-12

Altars:
Cheibriados
Dithmenos
Elyvilon
Fedhas
Gozag
Hepliaklqana
Kikubaaqudgha
Makhleb
Nemelex Xobeh
Okawaru
Qazlal
Ru
Sif Muna
Trog
Uskayaw
Vehumet
Wu Jian
Xom
Yredelemnul
Zin
The Shining One

Shops:
D:5 =   D:7 *


Innate Abilities, Weirdness & Mutations

You are immune to sickness and miasma.
Your stone body is resilient. (AC +8)
You are immune to poison.
You resist negative energy. (rN+)
You are resistant to electric shocks. (rElec)
You are resistant to unholy torment.
You are immune to petrification.


Message History

You slash the steam dragon! You burn the steam dragon.
The steam dragon is heavily wounded.
The steam dragon breathes steam at you.
The ball of steam hits you but does no damage.
You closely miss the steam dragon.
The steam dragon is heavily wounded.
You are engulfed in a cloud of scalding steam.
The steam dragon bites you but does no damage.
You block the steam dragon's attack.
You slash the steam dragon! You burn the steam dragon!
You kill the steam dragon!
Okawaru accepts your kill.
You are engulfed in a cloud of scalding steam.
The orc warrior shoots a bolt.
You block the bolt.
You have reached level 11!
You are engulfed in a cloud of scalding steam.
* * * LOW HITPOINT WARNING * * *
The orc warrior unwields a +0 arbalest.
The orc warrior wields a +0 dire flail.
The orc warrior hits you with a +0 dire flail!
* * * LOW HITPOINT WARNING * * *
Items here: $ ( )) [[ †.
You closely miss the orc warrior. You block the orc warrior's attack.
You feel better.
The orc warrior hits you but does no damage.
It was a potion of berserk rage.
A red film seems to cover your vision as you go berserk!
You feel yourself moving faster!
You feel mighty!
The orc warrior hits you but does no damage.
You hit the orc warrior. You burn the orc warrior.
The orc warrior is lightly wounded.
You slash the orc warrior! You burn the orc warrior.
The orc warrior is severely wounded.
You block the orc warrior's attack.
You slash the orc warrior! You burn the orc warrior.
You kill the orc warrior!
Okawaru accepts your kill.
Okawaru will now gift you throwing weapons as you gain piety.
You hit the boulder beetle but do no damage.
The boulder beetle bites you!
You die...

.o
#..#..#.#########
###.###.# ... ..#
#### #.#####
##.#...
####....#### ..
......... #.
#B...# #.##@#
..#[# #.#.#
###.#.# #.....#
###.### ###.#
#)..# #)###


You could see a boulder beetle.

Vanquished Creatures
  A centaur warrior (D:9)
  Pikel (D:8)
  2 trolls (D:9)
  A meliai (D:9)
  2 wyverns
  2 steam dragons (D:9)
  3 water moccasins (D:5)
  3 black bears
  4 ice beasts
  4 orc warriors
  3 ogres
  2 sky beasts
  3 lemures (D:8)
  3 kobold brigands
  A phantom (D:4)
  5 bullfrogs
  Blork the orc (D:5)
  4 necrophages
  8 wights
  A gnoll sergeant (D:9)
  2 scorpions (D:5)
  3 howler monkeys (D:8)
  An electric eel (D:8)
  A jelly (D:6)
  4 gnoll boudas
  6 orc priests
  4 hounds
  7 orc wizards
  7 adders
  12 gnolls
  3 shadow imps
  A white imp (D:5)
  An ufetubus (D:4)
  5 worms
  A dart slug (D:1)
  23 orcs
  8 endoplasms
  2 giant cockroaches
  4 goblins
  5 hobgoblins
  2 quokkas
  10 ball pythons
  5 bats (D:1)
  3 frilled lizards (D:3)
  20 kobolds
  A rat (D:3)
195 creatures vanquished.

Notes
Turn   | Place    | Note
-------+----------+-------------------------------------------
     0 | D:1      | timneilson the Gargoyle Fighter began the quest for the
                  | Orb.
     0 | D:1      | Reached XP level 1. HP: 14/14 MP: 1/1
   302 | D:1      | Reached XP level 2. HP: 19/19 MP: 2/2
   930 | D:1      | Reached XP level 3. HP: 7/23 MP: 3/3
  2248 | D:2      | Found a faded altar of an unknown god.
  2439 | D:3      | Reached XP level 4. HP: 20/28 MP: 4/4
  3270 | D:4      | Noticed an ogre
  3339 | D:4      | Found a radiant altar of Vehumet.
  3375 | D:4      | Noticed an ice beast
  3392 | D:4      | Killed an ice beast
  3393 | D:4      | Reached skill level 1 in Dodging
  3393 | D:4      | Reached XP level 5. HP: 15/33 MP: 5/5
  3710 | D:4      | Reached XP level 6. HP: 22/38 MP: 6/6
  4553 | D:3      | Reached skill level 5 in Shields
  4847 | D:4      | Reached skill level 5 in Armour
  4908 | D:4      | Reached XP level 7. HP: 24/44 MP: 7/7
  5423 | D:5      | Entered Level 5 of the Dungeon
  5552 | D:5      | Found Hoicwy's Jewellery Boutique.
  5619 | D:5      | Noticed Blork the orc
  5726 | D:5      | Killed Blork the orc
  5941 | D:5      | Reached XP level 8. HP: 37/48 MP: 8/8
  6347 | D:5      | Reached skill level 5 in Fighting
  6937 | D:6      | Reached skill level 5 in Long Blades
  7219 | D:6      | Found a sparkling altar of Nemelex Xobeh.
  7220 | D:6      | Found a glowing silver altar of Zin.
  7228 | D:6      | Found a snail-covered altar of Cheibriados.
  7286 | D:6      | Reached XP level 9. HP: 44/54 MP: 9/9
  7481 | D:6      | Found a glowing golden altar of the Shining One.
  8358 | D:7      | Found a shadowy altar of Dithmenos.
  8377 | D:7      | You fall into a shaft and drop 2 floors!
  8414 | D:8      | Reached skill level 1 in Evocations
  8458 | D:8      | Found an ancient bone altar of Kikubaaqudgha.
  8461 | D:8      | Found a blossoming altar of Fedhas.
  9388 | D:7      | Found a staircase to the Ecumenical Temple.
  9409 | Temple   | Entered the Ecumenical Temple
  9683 | Temple   | Became a worshipper of Warmaster Okawaru
 10028 | D:7      | Found Ciecvaun's General Store.
 10551 | D:7      | Reached skill level 1 in Invocations
 10555 | D:7      | Reached XP level 10. HP: 20/60 MP: 10/10
 10821 | D:7      | Reached * piety under Okawaru
 11622 | D:8      | Noticed Pikel
 11646 | D:8      | HP: 3/60 [constriction (5)]
 11647 | D:8      | Killed Pikel
 12563 | D:9      | Noticed a boulder beetle
 12571 | D:9      | Noticed a catoblepas
 13437 | D:9      | Reached ** piety under Okawaru
 13446 | D:9      | Noticed a centaur warrior
 13493 | D:9      | Killed a centaur warrior
 13503 | D:9      | Reached XP level 11. HP: 20/66 MP: 13/13
 13503 | D:9      | HP: 3/66 [orc warrior/+0 dire flail (12)]
 13509 | D:9      | Reached *** piety under Okawaru
 13510 | D:9      | Slain by a boulder beetle

Illustrated notes

Levels and vault maps discovered:
D:1:      minmay_arrival_cross, layout_loops_ring, minmay_misc_feat_room
D:2:      layout_basic, dreamdust_ecumenical_altar_hidden_monk_grotto
D:3:      layout_basic, serial_bayou_crossing
D:4:      layout_basic, fiery_altar_vehumet
D:5:      layout_basic, serial_shops, shop, uniq_blork_the_orc
D:6:      layout_loops_ring, nicolae_tso_swordbearing_angel,
          chequers_temple_overflow_statue_of_worship
D:7:      layout_basic, mainiacjoe_overflow_surrounded_room,
          minmay_temple_entry_drinking_statues, serial_shops,
          nicolae_square_shop
D:8:      layout_basic, grunt_temple_overflow_growth_and_decay,
          roderic_serpentine_path, serial_bayou_lagoon_a,
          amcnicky_mini_pool_small, uniq_pikel
D:9:      minmay_the_grid_square_5x5_4x4 [minmay_the_grid_square_5x5_tri_point,
          minmay_the_grid_square_5x5_checkered,
          minmay_the_grid_square_5x5_three, minmay_the_grid_square_5x5_plus,
          minmay_the_grid_square_5x5_broken_cross,
          minmay_the_grid_square_5x5_prize_gold,
          minmay_the_grid_square_5x5_prize_itemx, minmay_the_grid_square_5x5_z,
          minmay_the_grid_square_5x5_three_small,
          minmay_the_grid_square_5x5_prize_monsterx,
          minmay_the_grid_square_5x5_prize_rear_guard,
          minmay_the_grid_square_5x5_beaten_path,
          minmay_the_grid_square_5x5_almost_minimal,
          minmay_the_grid_square_5x5_gyroscope,
          minmay_the_grid_square_5x5_shuriken,
          minmay_the_grid_square_5x5_fat_x], layout_loops_cross,
          ashenzari_altar_1, erik_orc_1, minmay_misc_feat_five
Temple:   compressed_dpeg_triangle_lava_temple

Skill      XL: |  1  2  3  4  5  6  7  8  9 10 |
---------------+-------------------------------+-----
Long Blades    | 2 3 4 5 6 7 |  7.4
Shields        | 4 5 6 8 9 |  9.3
Armour         | 4 5 6 8 9 |  9.2
Dodging        | 1 2 3 4 |  4.4
Fighting       | 4 5 6 |  6.8
Evocations     | 2 3 |  3.2
Invocations    | 1 3 |  3.1

Action                   |  1- 3 |  4- 6 |  7- 9 | 10-12 || total
-------------------------+-------+-------+-------+-------++-------
Melee: Long sword        |   111 |   173 |   618 |   380 ||  1282
Invok: Heroism           |       |       |       |     7 ||     7
  Use: Scroll            |     4 |     3 |     5 |     4 ||    16
       Potion            |       |       |    11 |     5 ||    16
Armor: Scale mail        |    69 |    91 |    32 |       ||   192
       Chain mail        |       |       |   315 |   256 ||   571
Dodge: Dodged            |    55 |    86 |   217 |   177 ||   535
Block: Buckler           |    34 |    67 |   187 |   143 ||   431

Table legend: (Time is in decaauts)
 A = Elapsed time spent in this place.
 B = Non-inter-level travel time spent in this place.
 C = Inter-level travel time spent in this place.
 D = Time resting spent in this place.
 E = Time spent auto-exploring this place.
 F = Levels seen in this place.
 G = Mean time per level.
                   A        B        C        D        E       F      G
               +--------+--------+--------+--------+--------+-----+--------+
         Total |  13686 |  13410 |    276 |   1236 |   9499 |  10 | 1368.6 |
       Dungeon |  13398 |  13134 |    264 |   1236 |   9248 |   9 | 1488.7 |
        Temple |    287 |    275 |     12 |      0 |    251 |   1 |  287.0 |
               +--------+--------+--------+--------+--------+-----+--------+

Top non-repeatable levels by time:
     D:7: 2237 daAuts
     D:8: 2181 daAuts
     D:4: 1742 daAuts
     D:1: 1469 daAuts
     D:3: 1426 daAuts
     D:6: 1326 daAuts
     D:5: 1226 daAuts
     D:2: 980 daAuts
     D:9: 809 daAuts
  Temple: 287 daAuts
